 Dungeon Crawl Stone Soup version 0.17-a0-913-g36eb389 (webtiles) character file.

413 drasked the Infuser (level 6, -3/32 HPs)
             Began as a Deep Elf Ice Elementalist on May 3, 2015.
             Was an Initiate of Vehumet.
             Slain by Menkaure (17 damage)
             ... on level 4 of the Dungeon.
             The game lasted 00:13:09 (4043 turns).

drasked the Infuser (Deep Elf Ice Elementalist)     Turns: 4043, Time: 00:13:09

Health: -3/32      AC:  8    Str:  5    XL:     6   Next: 59%
Magic:  11/14      EV: 12    Int: 22    God:    Vehumet [......]
Gold:   137        SH:  0    Dex: 15    Spells: 2 memorised, 9 levels left

rFire  . . .     SeeInvis .     a - +1 dagger (protect)
rCold  . . .     Clarity  .     s - +0 leather armour
rNeg   . . .     SustAb   +     (no shield)
rPois  .         Gourm    .     (no helmet)
rElec  .         Spirit   .     (no cloak)
rCorr  .         Warding  .     (no gloves)
rMut   .         Stasis   .     (no boots)
MR     .....                    (no amulet)
Stlth  ++........               (no ring)
                                l - ring of sustain abilities {SustAb}

@: not resistant to hostile enchantments, unstealthy
A: no striking features
a: Renounce Religion


You were on level 4 of the Dungeon.
You worshipped Vehumet.
Vehumet was noncommittal.
You were not hungry.

You visited 2 branches of the dungeon, and saw 5 of its levels.

You collected 137 gold pieces.

Inventory:

Hand weapons
 a - a +1 dagger of protection (weapon)
   (You took it off an orc on level 3 of the Dungeon)
Armour
 r - a +2 cloak
   (You found it on level 3 of the Dungeon)
 s - a +0 leather armour (worn)
   (You found it on level 3 of the Dungeon)
Magical staves
 n - an uncursed staff of air {rElec}
   (You found it on level 2 of the Dungeon)
Jewellery
 l - a ring of sustain abilities (left hand) {SustAb}
   (You found it on level 2 of the Dungeon)
Scrolls
 d - a scroll of enchant weapon {unknown}
 e - a scroll of enchant armour {unknown}
 f - 3 scrolls of identify {unknown}
 g - 2 scrolls of immolation {unknown}
 k - a scroll of fear {unknown}
 o - 4 scrolls of fog {unknown}
 p - 2 scrolls of random uselessness {unknown}
 u - a scroll of blinking {unknown}
Potions
 h - 2 potions of lignification {unknown}
 i - a potion of magic {unknown}
 m - 2 potions of heal wounds {unknown}
 q - a potion of curing {unknown}
Books
 b - a book of Frost
Comestibles
 c - 5 bread rations {@e1}
 j - 2 beef jerkies
 t - a meat ration {@e2}


   Skills:
 - Level 2.4 Dodging
 - Level 2.4 Stealth
 + Level 4.3 Spellcasting
   Level 1.1 Conjurations
 * Level 8.1 Charms
 + Level 4.5 Ice Magic


You had 9 spell levels left.
You knew the following spells:

 Your Spells              Type           Power        Failure   Level  Hunger
a - Freeze                Ice            ###.         2%          1    None
A - Ozocubu's Armour      Chrm/Ice       ####....     6%          3    ##.....


Dungeon Overview and Level Annotations

Branches:
Dungeon (4/15)             Temple (1/1) D:4

Altars:
Ashenzari
Elyvilon
Fedhas
Gozag
Makhleb
Nemelex Xobeh
Okawaru
Qazlal
Ru
Trog
Vehumet
Xom
Yredelemnul

Annotations:
D:2 Sigmund
D:4 Menkaure


Message History

You kill the gnoll!
Vehumet accepts your kill.
Your Charms skill increases to level 8!
You now have 6/14 mp.
You start resting.
Your magical contamination has completely faded away.
You regained 3 mp, and now have 9/14 mp.
Things that are here:
a flail; a gnoll corpse Your icy armour starts to melt.
e - a scroll labeled XIGIQO TYIFRU Your icy armour evaporates.
All of the chunks of flesh in your inventory have rotted away.
h - 2 blue potions (gained 1)
u - a scroll labeled VOSULU XELANOP You regained 2 mp, and now have 11/14 mp.
A worker ant comes into view.
MP restored: 14 A worker ant is nearby!
A worker ant is nearby!
A film of ice covers your body!
The worker ant twitches its antennae in your direction.
You now have 11/14 mp.
You hit the worker ant but do no damage.
The worker ant misses you.
You closely miss the worker ant. The worker ant bites you.
You take 1 damage, and have 31/32 hp.
You hit the worker ant but do no damage.
The worker ant bites you but does no damage.
You hit the worker ant.
The worker ant bites you but does no damage.
You hit the worker ant. The worker ant completely misses you.
The worker ant barely misses you.
You hit the worker ant. The worker ant bites you.
You take 1 damage, and have 30/32 hp.
You hit the worker ant but do no damage.
The worker ant bites you but does no damage.
You hit the worker ant.
The worker ant bites you but does no damage.
Aim: a worker ant (heavily wounded)
You freeze the worker ant.
The worker ant bites you but does no damage.
You now have 11/14 mp.
Aim: a worker ant (almost dead)
You freeze the worker ant. The worker ant closely misses you.
The worker ant bites you but does no damage.
You now have 10/14 mp.
Aim: a worker ant (almost dead)
You freeze the worker ant.
You kill the worker ant!
Vehumet accepts your kill.
You now have 9/14 mp.
You see here a worker ant corpse.
A bat comes into view.
The bat hits you but does no damage.
A bat is nearby!
A bat is nearby!
A bat is nearby!
A bat is nearby!
The bat closely misses you.
Aim: a bat You freeze the bat.
The bat hits you but does no damage.
You now have 9/14 mp.
The bat hits you but does no damage. x2
Aim: a bat (heavily wounded)
You freeze the bat.
You kill the bat!
Vehumet accepts your kill.
You now have 9/14 mp.
f - 3 scrolls labeled WASSEM EMIAHU (gained 1)
Found a stone staircase leading down.
Health restored: 32 Your icy armour starts to melt.
Menkaure, Prince of Dust comes into view.
Menkaure shouts!
Menkaure giggles, "These cerements are ticklish..."
You barely miss Menkaure. Menkaure closely misses you.
You hit Menkaure. Menkaure closely misses you.
You hit Menkaure but do no damage. You hit Menkaure.
Your icy armour evaporates.
Menkaure hits you but does no damage.
Aim: Menkaure (lightly damaged)
You freeze Menkaure.
Menkaure resists.
Menkaure hits you!!
Ouch! That really hurt!
You take 18 damage, and have 14/32 hp.
MASSIVE DAMAGE!!
You now have 10/14 mp.
You are too injured to fight recklessly!
You hit Menkaure.
Menkaure casts a spell.
Menkaure seems to speed up.
You barely miss Menkaure. Menkaure breathes soot at you.
Menkaure casts a spell at you.
You struggle to resist.
You completely miss Menkaure. Menkaure closely misses you.
You barely miss Menkaure. Menkaure hits you!
Ouch! That really hurt!
You die...

..#....)....#.......#####.######
[......>........#.### #...
÷.#.........###...# # #.###
..#..⌠...⌠..#.#.#.........#
...............###...>....#
..#.........#.## #.#####.#
####.##.##.###.###.## #.# #
#.##.# .# ##.#M# #.# # #.##.# .#
##@# # #.# ###


You could see Menkaure.

Vanquished Creatures
  An ogre (D:4)
  A hound (D:4)
  Ijyb (D:2)
  A worker ant (D:4)
  An orc wizard (D:4)
  11 gnolls
  3 adders
  3 oozes
  2 worms
  A giant gecko (D:3)
  4 orcs
  A ball python (D:3)
  12 bats
  4 giant cockroaches
  8 hobgoblins
  4 jackals (D:3)
  5 kobolds
  4 giant newts
  4 goblins
  A quokka (D:2)
  4 rats
76 creatures vanquished.

Notes
Turn   | Place    | Note
--------------------------------------------------------------
     0 | D:1      | drasked, the Deep Elf Ice Elementalist, began the quest for the Orb.
     0 | D:1      | Reached XP level 1. HP: 10/10 MP: 6/6
    62 | D:1      | Reached XP level 2. HP: 9/15 MP: 1/8
  1006 | D:2      | Reached skill level 4 in Spellcasting
  1006 | D:2      | Reached skill level 4 in Ice Magic
  1006 | D:2      | Reached XP level 3. HP: 17/19 MP: 3/10
  1028 | D:2      | Learned a level 3 spell: Ozocubu's Armour
  1174 | D:2      | Noticed Sigmund
  1177 | D:2      | Noticed Ijyb
  1191 | D:2      | Killed Ijyb
  1191 | D:2      | Reached skill level 2 in Charms
  1285 | D:2      | Reached skill level 3 in Charms
  1530 | D:2      | Reached XP level 4. HP: 16/24 MP: 1/12
  1863 | D:2      | Reached skill level 4 in Charms
  2407 | D:3      | Reached skill level 5 in Charms
  2410 | D:3      | Reached XP level 5. HP: 17/28 MP: 5/13
  3090 | D:3      | Reached skill level 6 in Charms
  3262 | D:4      | Noticed an ogre
  3279 | D:4      | Killed an ogre
  3279 | D:4      | Reached skill level 7 in Charms
  3279 | D:4      | Reached XP level 6. HP: 13/32 MP: 1/14
  3574 | D:4      | Found a stormy altar of Qazlal.
  3719 | D:4      | Found a staircase to the Ecumenical Temple.
  3851 | Temple   | Entered the Ecumenical Temple
  3900 | Temple   | Became a worshipper of Vehumet
  3931 | D:4      | Reached skill level 8 in Charms
  4034 | D:4      | Noticed Menkaure
  4043 | D:4      | Slain by Menkaure

Action                   |  1- 3 |  4- 6 || total
-------------------------+-------+-------++-------
Melee: Short sword       |    11 |     2 ||    13
       Dagger            |       |    23 ||    23
 Cast: Freeze            |    46 |    96 ||   142
       Ozocubu's Armour  |     3 |    13 ||    16
  Eat: Chunk             |     2 |     8 ||    10

Vault maps used:
D:1:      erik_arrival_gehennom
D:2:      uniq_iyjb, uniq_sigmund
D:3:      first_bread, dk_noncrumbling_4, minivault_14, hangedman_glass_teeth,
          minmay_misc_feat_tower
D:4:      grunt_qazlal_clouds, minmay_temple_entry_large_hall, st_stairs_11,
          uniq_crazy_yiuf_cottage, uniq_menkaure
Temple:   triangle_lava_temple_12

Table legend:
 A = Turns spent in this place as a percentage of turns spent in the entire game.
 B = Non-inter-level travel turns spent in this place as a percentage of non-inter-level travel turns spent in the entire game.
 C = Inter-level travel turns spent in this place as a percentage of turns spent in this place.
 D = Turns resting spent in this place as a percentage of non-inter-level travel turns spent in this place.
 E = Turns spent auto-exploring this place as a percentage of non-inter-level travel turns spent in this place.
 F = Non-inter-level travel turns spent in this place divided by the number of levels of this place that you've seen.
                   A       B       C       D       E      F
               +-------+-------+-------+-------+-------+----------------------
         Total | 100.0 | 100.0 |   1.1 |   6.1 |  10.3 | 224.4
       Dungeon |  97.0 |  97.1 |   1.1 |   6.2 |  10.0 | 272.2
        Temple |   3.0 |   2.9 |   2.9 |   0.0 |  21.2 |  33.0
               +-------+-------+-------+-------+-------+----------------------

Table legend:
 A = Kills in this place as a percentage of kills in entire the game.
 B = Kills by you in this place as a percentage of kills by you in the entire game.
 C = Kills by friends in this place as a percentage of kills by friends in the entire game.
 D = Other kills in this place as a percentage of other kills in the entire game.
 E = Experience gained in this place as a percentage of experience gained in the entire game.
 F = Experience gained in this place divided by the number of levels of this place that you have seen.
                   A       B       C       D       E      F
               +-------+-------+-------+-------+-------+----------------------
         Total | 100.0 | 100.0 |  -nan |  -nan | 100.0 | 118.2
       Dungeon | 100.0 | 100.0 |  -nan |  -nan | 100.0 | 147.8
               +-------+-------+-------+-------+-------+----------------------
